 Dungeon Crawl Stone Soup version 0.24-a0-462-ge24419a6ad (webtiles) character file.

Game seed: 17405686738502311973

726132 Inquire the Hoplite (level 27, 0/233 HPs)
             Began as a Gnoll Berserker on June 30, 2019.
             Was a High Priest of Trog.
             Killed from afar by an ancient lich (36 damage)
             ... with a crystal spear
             ... on level 5 of the Realm of Zot on July 2, 2019.
             The game lasted 02:54:47 (66136 turns).

Inquire the Hoplite (Gnoll Berserker)              Turns: 66136, Time: 02:54:48

Health: 0/233      AC: 34    Str: 22    XL:     27
Magic:  45/45      EV: 25    Int: 19    God:    Trog [*****.]
Gold:   3249       SH: 14    Dex: 19    Spells: 63/63 levels left

rFire    + + +     SeeInvis .   v - +7 demon blade (vamp)
rCold    + . .     Gourm    .   G - +3 buckler {rC+}
rNeg     + + +     Faith    .   C - +6 fire dragon scales of Zouluosk {rPois rF++ rC- MR+ rCorr}
rPois    +         Spirit   .   I - +2 hat of Panentheism {+Blink rF+ Str+2}
rElec    +         Reflect  .   k - +2 cloak {MR+}
rCorr    +         Harm     .   L - +1 pair of gloves of Gedone {rF+ rN+ Str+2}
MR       +++++     Rnd*Rage +   h - +1 pair of boots {Stlth+}
Stlth    ++++++++..             s - amulet of Juetie {+Rage rN++ Str-5 Int+4}
HPRegen  0.48/turn              Q - ring of Fuus {Str+4 Int+4 Dex-2 Slay+5 Stlth+}
MPRegen  0.29/turn              B - +5 ring of slaying

@: resistant, studying 3 skills
A: distributed training, fangs 1, slimy green scales 1, berserk 1, clumsy 2,
magic resistance 1, weak 1, strong nose
}: 5/15 runes: serpentine, barnacled, slimy, silver, abyssal
a: Berserk, Trog's Hand, Brothers in Arms, Renounce Religion, Evoke Blink, Evoke
Berserk Rage


You were on level 5 of the Realm of Zot.
You worshipped Trog.
Trog was extremely pleased with you.
You were not hungry.

You visited 11 branches of the dungeon, and saw 57 of its levels.
You visited the Abyss 2 times.
You also visited: Gauntlet and Ice Cave.

You collected 7112 gold pieces.
You spent 3863 gold pieces at shops.

Inventory:

Hand Weapons
 b - a +6 broad axe of electrocution
 v - a +7 vampiric demon blade (weapon)
Missiles
 d - 9 curare-tipped darts (quivered)
 f - 187 poisoned darts
 i - 56 atropa-tipped darts
 l - 12 throwing nets
 K - 19 silver javelins
Armour
 h - a +1 pair of boots of stealth (worn)
 k - a +2 cloak of magic resistance (worn)
 p - the +6 chain mail of Ruceviku {rElec Str+3 Int+3}
   (You took it off a deep elf high priest on level 3 of the Elven Halls)

   It affects your strength (+3).
   It affects your intelligence (+3).
   It insulates you from electricity.
 C - the +6 fire dragon scales of Zouluosk (worn) {rPois rF++ rC- MR+ rCorr}
   (You found it on level 5 of the Pits of Slime)

   It greatly protects you from fire.
   It makes you vulnerable to cold.
   It protects you from poison.
   It affects your resistance to hostile enchantments.
   It provides partial protection from all sources of acid and corrosion.
 G - a +3 buckler of cold resistance (worn)
 I - the +2 hat of Panentheism (worn) {+Blink rF+ Str+2}
   (You found it in an ice cave)

   It affects your strength (+2).
   It protects you from fire.
   It lets you blink.
 L - the +1 pair of gloves of Gedone (worn) {rF+ rN+ Str+2}
   (You found it on level 1 of the Depths)

   It affects your strength (+2).
   It protects you from fire.
   It protects you from negative energy.
 P - +2 gold dragon scales
Jewellery
 g - the ring "Muarrimam" {Wiz rF+ MR+ Dex+2}
   (You found it on level 5 of the Pits of Slime)

   [ring of wizardry]

   It improves your spell success rate.
   It affects your dexterity (+2).
   It protects you from fire.
   It affects your resistance to hostile enchantments.
 s - the amulet of Juetie (around neck) {+Rage rN++ Str-5 Int+4}
   (You took it off a deep elf demonologist on level 1 of the Elven Halls)

   [amulet of rage]

   It affects your strength (-5).
   It affects your intelligence (+4).
   It greatly protects you from negative energy.
   It lets you go berserk.
 y - the ring of Puloihose {rF+ rCorr MP+9 Str-3 Int+2}
   (You found it on level 2 of the Depths)

   [ring of resist corrosion]

   It affects your strength (-3).
   It affects your intelligence (+2).
   It protects you from fire.
   It affects your magic capacity (+9).
   It provides partial protection from all sources of acid and corrosion.
 A - the ring "Epiac" {rN+ MR+++ Str+4 Int-2 Dex-3}
   (You found it on level 5 of the Pits of Slime)

   [ring of positive energy]

   It affects your strength (+4).
   It affects your intelligence (-2).
   It affects your dexterity (-3).
   It protects you from negative energy.
   It affects your resistance to hostile enchantments.
 B - a +5 ring of slaying (right hand)
 E - the ring of Luesmira {rPois Str+2 Dex+4 Stlth+}
   (You took it off a deep elf demonologist on level 3 of the Elven Halls)

   [ring of stealth]

   It affects your strength (+2).
   It affects your dexterity (+4).
   It protects you from poison.
   It makes you more stealthy.
 Q - the ring of Fuus (left hand) {Str+4 Int+4 Dex-2 Slay+5 Stlth+}
   (You found it in a Gauntlet)

   [ring of strength]

   It affects your strength (+4).
   It affects your intelligence (+4).
   It affects your dexterity (-2).
   It affects your accuracy and damage with ranged weapons and melee attacks
   (+5).
   It makes you more stealthy.
 S - the brooch of Shielding {Reflect SH+8}
   (You took it off a deep elf elementalist on level 3 of the Elven Halls)

   [amulet of reflection]

   It shields you and reflects attacks.
   It affects your SH (+8).
 T - the ring "Gacu" {Wiz rC+ Str+2 Dex+3}
   (You found it on level 6 of the Lair of Beasts)

   [ring of wizardry]

   It improves your spell success rate.
   It affects your strength (+2).
   It affects your dexterity (+3).
   It protects you from cold.
Wands
 z - a wand of acid (13)
 F - a wand of clouds (3)
 J - a wand of scattershot (7)
Scrolls
 a - 18 scrolls of remove curse
 m - 3 scrolls of fear
 o - a scroll of silence
 u - a scroll of blinking
 M - 2 scrolls of teleportation
 N - 9 scrolls of identify
 O - 2 scrolls of fog
Potions
 e - 2 potions of flight
 n - 2 potions of mutation
 q - 19 potions of curing
 r - 6 potions of cancellation
 H - 7 potions of might
 V - a potion of ambrosia
Books
 j - a manual of Fighting
 D - a manual of Staves
 R - a manual of Shields
Miscellaneous
 w - a lightning rod (4/4)
 x - 3 phantom mirrors
 Y - a lamp of fire (inert)
Comestibles
 c - 35 rations


   Skills:
 + Level 22.5 Fighting
 + Level 18.7 Short Blades
 + Level 18.7 Long Blades
 + Level 18.7 Axes
 + Level 19.5 Maces & Flails
 + Level 18.7 Polearms
 + Level 21.6 Staves
 + Level 18.7 Slings
 + Level 18.7 Bows
 + Level 18.7 Crossbows
 + Level 18.7 Throwing
 + Level 19.1 Armour
 + Level 19.1 Dodging
 + Level 18.7 Stealth
 + Level 23.6 Shields
 + Level 18.7 Unarmed Combat
 + Level 18.7 Spellcasting
 + Level 16.2 Conjurations
 + Level 16.2 Hexes
 + Level 16.2 Charms
 + Level 16.2 Summonings
 + Level 16.2 Necromancy
 + Level 16.2 Translocations
 + Level 16.2 Transmutations
 + Level 16.2 Fire Magic
 + Level 16.2 Ice Magic
 + Level 16.2 Air Magic
 + Level 16.2 Earth Magic
 + Level 16.2 Poison Magic
 + Level 20.1 Invocations
 + Level 18.7 Evocations


You had 63 spell levels left.
You didn't know any spells.
Your spell library contained the following spells:

 Spells                   Type           Power        Failure   Level  Hunger
 Animate Skeleton         Necr           N/A          0%          1    None
 Apportation              Tloc           ######       0%          1    None
 Confusing Touch          Hex            ######       0%          1    None
 Flame Tongue             Conj/Fire      #####        0%          1    None
 Infusion                 Chrm           ####         0%          1    None
 Pain                     Necr           ####         0%          1    None
 Summon Butterflies       Summ           ######..     0%          1    None
 Summon Small Mammal      Summ           ####         0%          1    None
 Call Imp                 Summ           ######..     0%          2    None
 Corpse Rot               Necr           N/A          0%          2    None
 Ensorcelled Hibernation  Hex/Ice        ######       0%          2    None
 Shroud of Golubria       Chrm/Tloc      ######       0%          2    None
 Song of Slaying          Chrm           ######..     0%          2    None
 Throw Flame              Conj/Fire      ######       0%          2    None
 Call Canine Familiar     Summ           ######..     1%          3    None
 Conjure Flame            Conj/Fire      ######..     1%          3    None
 Ignite Poison            Fire/Tmut/Pois ######..     1%          3    None
 Inner Flame              Hex/Fire       ######..     1%          3    None
 Lesser Beckoning         Tloc           ######....   1%          3    None
 Regeneration             Chrm/Necr      ######....   1%          3    None
 Spectral Weapon          Hex/Chrm       ######..     1%          3    None
 Summon Guardian Golem    Hex/Summ       ######..     1%          3    None
 Tukima's Dance           Hex            ######..     1%          3    None
 Vampiric Draining        Necr           ######....   1%          3    None
 Sticky Flame             Conj/Fire      ######..     1%          4    None
 Summon Ice Beast         Ice/Summ       ######..     1%          4    None
 Summon Lightning Spire   Summ/Air       ######..     1%          4    None
 Throw Icicle             Conj/Ice       ######..     1%          4    None
 Agony                    Necr           ######..     1%          5    ##.....
 Alistair's Intoxication  Tmut/Pois      ######..     1%          5    ##.....
 Bolt of Magma            Conj/Fire/Erth ######....   1%          5    ##.....
 Borgnjor's Vile Clutch   Necr/Erth      ######....   1%          5    ##.....
 Excruciating Wounds      Chrm/Necr      ######....   1%          5    ##.....
 Fireball                 Conj/Fire      ######....   1%          5    ##.....
 Iskenderun's Battlesphe  Conj/Chrm      ######..     1%          5    ##.....
 Metabolic Englaciation   Hex/Ice        ######....   1%          5    ##.....
 Silence                  Hex/Air        ######....   1%          5    ##.....
 Venom Bolt               Conj/Pois      ######....   1%          5    ##.....
 Bolt of Fire             Conj/Fire      ######....   1%          6    ####...
 Conjure Ball Lightning   Conj/Air       ######....   1%          6    ####...
 Darkness                 Hex            ######....   1%          6    ####...
 Deflect Missiles         Chrm/Air       ######....   1%          6    ####...
 Invisibility             Hex            ######..     1%          6    ####...
 Iron Shot                Conj/Erth      ######....   1%          6    ####...
 Shadow Creatures         Summ           N/A          1%          6    ####...
 Simulacrum               Ice/Necr       ######....   1%          6    ####...
 Orb of Destruction       Conj           ######....   7%          7    ######.
 Ring of Flames           Chrm/Fire      ######....   7%          7    ######.
 Spellforged Servitor     Conj/Summ      ######....   7%          7    ######.
 Death's Door             Chrm/Necr      ######....   45%         8    #######
 Ignition                 Fire           ######....   45%         8    #######
 Tornado                  Air            ######....   100%        9    #######


Dungeon Overview and Level Annotations

Branches:
Dungeon (15/15)            Temple (0/1) D:6            Lair (6/6) D:10
 Shoals (4/4) Lair:4        Snake (4/4) Lair:4        Slime (5/5) Lair:6
    Orc (2/2) D:11            Elf (3/3) Orc:2        Vaults (5/5) D:13
  Crypt (3/3) Vaults:3       Tomb (0/3) Crypt:3      Depths (5/5) D:15
    Zot (5/5) Depths:5

Altars:
Ashenzari
Cheibriados
Dithmenos
Gozag
Kikubaaqudgha
Nemelex Xobeh
Qazlal
Trog
Uskayaw
Yredelemnul
The Shining One
Jiyva

Shops:
D:14 %?=   Orc:2 %?(*!   Elf:1 ?((:   Elf:3 !   Shoals:3 ?   Snake:1 }=}
Vaults:3 ?

Portals:
Hell: Depths:1 Depths:2 Depths:3 Depths:4 Depths:5
Abyss: Depths:4 Depths:5
Pandemonium: Depths:2 Depths:3
Ziggurat: Depths:2

Annotations:
D:3 3 runed translucent doors, Craser22's ghost, amateur MiBe
D:6 1 runed translucent door
Shoals:4 Vaults, Depths, rN+Crypt
Snake:1 WAT, exclusion: Roxanne, Roxanne
Elf:1 6 runed translucent doors
Vaults:2 3 runed translucent doors, Caiboroc's ghost, adept DrTm; Zero's ghost, adept GrBe
Crypt:3 Shops, Vaults:5 , Abyss, Slime


Innate Abilities, Weirdness & Mutations

Your experience applies equally to all skills.
You have very sharp teeth.
Your uncanny sense of smell can sniff out nearby items.
You are partially covered in slimy green scales. (AC +2)
You tend to lose your temper in combat.
You are very clumsy. (Dex -4)
You are resistant to hostile enchantments. (MR+)
You are weak. (Str -2)


Message History

Unknown command.
Okay, then.
Unknown command.
The ancient lich touches you.
* * * LOW HITPOINT WARNING * * *
Unknown command.
You feel better.
The ancient lich gestures at you while chanting.
The bolt of acid hits you! You resist.
* * * LOW HITPOINT WARNING * * *
You are splashed with acid.
You resist.
* * * LOW HITPOINT WARNING * * *
Unknown command.
Unknown command.
Your hearing returns.
The ancient lich completely misses you.
There is a stone staircase leading up, spattered with blood here.
The ancient lich casts a spell at you. The crystal spear hits you!!!
You die...

##......# ##.....## #..(###.#
^.....### ##.......#####...# #..
#.....# #..#####..##.....###..
#.....# ##.##...##.##.⌠........
#.....# #...........#...######.
#.....# ##.^#.....#..#######....
#.....####..##.8.8.##..##.8.##...
.........#..#.......#..#.....###.
.........'..#...@...#..'..8.8# #.
.....#...#..#.*L.)..#..#.....# #.
.....#...#..##.8.8.##..##.8.## #.
.....#...##..#X....#..####### #.
.....#....#...........# ####.
.#####....##.##...##.### #.... .#
#.....#..#####..#.# #.... .#
########.*.....##.# #.... .#
##.....##..# #....


You could see an orb of fire, an ancient lich and an Orb Guardian.

Vanquished Creatures
  the Royal Jelly (Slime:5)
  Mara (Shoals:4)
  An ancient lich (Crypt:3)
  2 juggernauts (Depths:2)
  2 greater mummies (Depths:4)
  A Killer Klown (Zot:5)
  Vashnia (Snake:4)
  Saint Roka (Crypt:2)
  2 bone dragons (Crypt:3)
  7 golden dragons
  2 electric golems
  11 tentacled monstrosities
  Jorgrun (Snake:1)
  13 Orb Guardians (Zot:5)
  14 large abominations
  8 liches
  Asterion (Snake:1)
  6 titans
  4 deep elf blademasters (Elf:3)
  18 acid blobs
  6 quicksilver dragons
  Polyphemus (Shoals:4)
  The ghost of swagumen the Executioner, an adept MiBe of Trog (Snake:4)
  A kraken (Shoals:1)
  4 ancient champions (Crypt:3)
  7 tentacled starspawn
  4 death cobs
  5 sphinxes
  Frances (Snake:1)
  A sphinx (shapeshifter) (Vaults:5)
  Donald (Vaults:1)
  7 shadow dragons
  13 storm dragons
  8 tengu reavers
  6 azure jellies
  A revenant (Crypt:1)
  16 fire giants
  A draconian monk (Depths:5)
  7 nagarajas
  3 frost giants
  The ghost of UristMcMason the Scorcher, an adept DEFE of Sif Muna (Shoals:3)
  Ilsuiw (Shoals:4)
  15 vault wardens
  2 deep elf sorcerers (Elf:3)
  3 ghost moths
  2 iron dragons
  Louise (Snake:2)
  4 deep elf elementalists
  4 draconian knights
  An emperor scorpion (shapeshifter) (Depths:2)
  2 draconian shifters
  2 draconian stormcallers
  Aizul (Snake:2)
  2 cacodemons
  An orc warlord (Vaults:1)
  3 curse skulls
  5 ghouls
  42 very ugly things
  A draconian annihilator (Zot:2)
  A reaper (Crypt:2)
  24 stone giants
  9 ironheart preservers
  3 war gargoyles (Vaults:5)
  A juggernaut skeleton (Depths:2)
  3 spriggan defenders
  10 deep elf demonologists
  Azrael (Snake:1)
  6 black draconians
  An entropy weaver (Vaults:2)
  8 green draconians
  11 vampire knights
  6 deep elf annihilators
  A minotaur (Gauntlet)
  6 yellow draconians
  3 purple draconians
  12 small abominations
  6 red draconians
  5 spark wasps (Depths:2)
  6 white draconians
  6 eidola
  22 ettins
  10 deep elf death magi
  4 merfolk javelineers
  A quicksilver dragon zombie (Crypt:1)
  The ghost of hemabe the Covert, a journeyman HuAr of Trog (D:12)
  3 mummy priests
  7 jiangshi
  8 merfolk impalers
  10 fire dragons
  3 death oozes
  11 yaktaur captains
  21 naga warriors
  9 ice dragons
  4 rakshasas
  11 deep elf high priests
  9 great orbs of eyes
  Harold (D:11)
  33 vault guards
  A catoblepas (Shoals:4)
  4 spriggan air magi
  2 quicksilver dragon skeletons
  5 centaur warriors
  3 merfolk avatars
  3 alligator snapping turtles
  6 hydras
  15 anacondas
  6 merfolk aquamancers
  3 death yaks
  9 death knights
  3 satyrs
  51 two-headed ogres
  28 dancing weapons
  3 deep troll shamans
  6 deep troll earth magi
  A titan zombie (Depths:2)
  17 spriggan berserkers
  4 thrashing horrors
  17 ogre magi
  3 spectral nagas (Snake:4)
  5 tengu warriors
  The ghost of ssgaztpd the Skirmisher, a novice TrBe of Trog (D:8)
  4 vampire magi
  5 shock serpents
  A storm dragon zombie (Crypt:1)
  10 naga sharpshooters
  20 hell knights
  4 orc high priests (Orc:2)
  Sonja (D:12)
  26 deep elf knights
  A titan skeleton (Crypt:1)
  2 iron trolls (Depths:5)
  2 sun demons (Abyss:2)
  A fire crab (Gauntlet)
  4 soul eaters
  5 salamander mystics
  3 wretched stars (Abyss:4)
  2 shadow wraiths
  2 sixfirhies
  27 skeletal warriors
  18 sea snakes
  12 flayed ghosts
  5 unseen horrors
  A spark wasp zombie (Depths:2)
  17 starcursed masses
  5 glowing orange brains
  A kraken simulacrum (Shoals:4)
  15 deep trolls
  2 spatial maelstroms
  A swamp dragon (Abyss:4)
  3 naga ritualists
  An obsidian statue (Shoals:3)
  15 deep elf archers
  An anaconda skeleton (Abyss:2)
  Pikel (D:8)
  19 orc knights
  2 golden dragon skeletons
  8 mana vipers
  17 wizards
  A harpy (shapeshifter) (Vaults:3)
  12 phantasmal warriors
  22 ironbrand convokers
  10 necromancers
  19 harpies
  13 manticores
  2 lindwurms (shapeshifter)
  A tengu zombie (Vaults:2)
  10 wolf spiders
  9 orc sorcerers
  39 ugly things
  12 fauns
  A tengu skeleton (Depths:2)
  68 deep elf magi
  17 salamanders
  A manticore (shapeshifter) (Vaults:5)
  2 human zombies (Vaults:2)
  5 shining eyes
  A stone giant zombie (Crypt:1)
  A worldbinder (Abyss:1)
  A shadow dragon skeleton (Crypt:3)
  5 cyclopes
  28 black mambas
  An elephant (shapeshifter) (Vaults:3)
  8 moths of wrath
  2 iron dragon skeletons
  6 elephants (Lair:2)
  10 water nymphs
  9 guardian serpents
  Psyche (D:9)
  7 vault sentinels
  24 spiny frogs
  An eye of devastation (Slime:2)
  16 merfolk sirens
  2 black mambas (shapeshifter)
  2 stone giant skeletons
  2 fire giant skeletons
  A torpor snail (Lair:2)
  A smoke demon (Abyss:2)
  16 naga magi
  2 ice statues (IceCv)
  2 centaur skeletons
  A dire elephant skeleton (Crypt:1)
  A hellion (Abyss:1)
  2 orange demons
  A gargoyle (D:15)
  A green draconian zombie (Crypt:2)
  An emperor scorpion zombie (Crypt:1)
  An iron troll zombie (Crypt:2)
  A kobold demonologist (D:15)
  An efreet (D:13)
  2 rime drakes
  65 yaktaurs
  7 ice devils
  2 human skeletons (Vaults:2)
  4 komodo dragons
  5 tengu conjurers
  18 freezing wraiths
  A hellwing (Abyss:2)
  6 guardian mummies (Crypt:3)
  2 ancient zymes
  A jumping spider (shapeshifter) (Vaults:5)
  40 merfolk
  2 wind drakes (shapeshifter)
  15 trolls
  A raiju (shapeshifter) (Vaults:1)
  12 hornets
  A hornet (shapeshifter) (Vaults:2)
  Prince Ribbit (D:7)
  A harpy skeleton (Abyss:1)
  5 wind drakes
  5 tyrant leeches (Lair:6)
  A blink frog (shapeshifter) (Vaults:2)
  8 snapping turtles
  2 spriggan zombies (Depths:2)
  35 blink frogs
  12 raiju (Abyss:2)
  A snapping turtle (shapeshifter) (Depths:2)
  8 dream sheep (Shoals:1)
  3 human simulacra
  A shock serpent simulacrum (Snake:4)
  A frost giant simulacrum (Vaults:2)
  8 hippogriffs
  An air elemental (Elf:3)
  3 shadows
  92 slime creatures
  A meliai zombie (D:13)
  9 flying skulls
  Sigmund (D:6)
  28 water elementals
  11 spriggans
  3 ynoxinuls (Abyss:2)
  2 centaur simulacra (Gauntlet)
  5 wyverns
  3 ice dragon skeletons
  4 redbacks (Vaults:2)
  An ettin skeleton (Crypt:1)
  10 wraiths
  24 yaks
  A spriggan (shapeshifter) (Vaults:5)
  7 fire elementals
  2 fire bats (Gauntlet)
  A tyrant leech zombie (Crypt:3)
  5 basilisks
  A fire dragon skeleton (Crypt:1)
  2 golden eyes (shapeshifter)
  2 humans (shapeshifter)
  3 hungry ghosts
  Grum (D:8)
  2 basilisks (shapeshifter) (Vaults:4)
  3 neqoxecs
  4 golden eyes
  15 vampire mosquitoes
  3 chaos spawn
  2 torturous demonspawn zombies (Crypt:1)
  Menkaure (D:7)
  4 wargs
  A swamp worm (shapeshifter) (Depths:2)
  5 acid dragons
  2 spatial vortices (Abyss:1)
  9 water moccasins
  Duvessa (D:7)
  60 nagas
  A soldier ant (shapeshifter) (Vaults:3)
  2 floating eyes (Slime:4)
  2 hell hounds (Snake:1)
  A spiny frog zombie (Crypt:1)
  A porcupine (shapeshifter) (Vaults:5)
  6 porcupines
  2 elephant zombies (Lair:4)
  36 orc warriors
  A black bear (shapeshifter) (Elf:3)
  An ice dragon simulacrum (Gauntlet)
  A manticore zombie (Crypt:3)
  A spiny frog skeleton (Crypt:1)
  A sky beast (shapeshifter) (Depths:1)
  5 sky beasts
  An eye of draining (shapeshifter) (Vaults:3)
  3 black mamba simulacra (Snake:4)
  11 ice beasts
  39 ogres
  4 black bears
  2 eyes of draining
  4 phantoms
  6 boggarts
  2 elf skeletons (Vaults:5)
  A necrophage (D:14)
  A swamp dragon zombie (Crypt:1)
  44 wolves
  A snapping turtle skeleton (Crypt:2)
  A tengu (shapeshifter) (Vaults:5)
  24 centaurs
  2 snapping turtle zombies
  A dream sheep skeleton (Crypt:3)
  A manticore skeleton (Crypt:2)
  10 crocodiles
  A big kobold (D:10)
  An elf zombie (Abyss:2)
  A yaktaur zombie (Crypt:2)
  25 bullfrogs
  3 earth elementals
  A water moccasin zombie (D:6)
  A wyvern skeleton (D:13)
  3 scorpions
  Dowan (D:7)
  A cyclops skeleton (Crypt:1)
  11 killer bees
  An orc simulacrum (Vaults:1)
  A yak zombie (Crypt:2)
  6 howler monkeys
  A spriggan skeleton (Crypt:1)
  9 wights (Crypt:1)
  4 centaur zombies
  4 electric eels (Lair:4)
  8 bullfrog zombies
  7 crimson imps
  8 jellies
  18 orc priests
  6 hounds
  5 quasits
  2 basilisk zombies (Lair:4)
  2 bullfrog skeletons
  A gnoll shaman (D:4)
  13 worker ants
  3 iguanas
  18 orc wizards
  4 naga simulacra (Snake:4)
  A killer bee zombie (D:6)
  A crocodile zombie (Lair:4)
  2 naga zombies
  A deep dwarf skeleton (Crypt:2)
  An acid dragon skeleton (Crypt:2)
  A hound zombie (D:4)
  A howler monkey zombie (D:5)
  2 worker ant zombies (D:4)
  14 gnolls
  13 adders
  A scorpion zombie (Crypt:3)
  5 shadow imps
  15 white imps
  7 ufetubi
  An ooze (D:1)
  2 adder zombies (D:4)
  5 worms
  4 dart slugs
  4 leopard geckos
  71 orcs
  2 ball pythons
  5 bats
  6 giant cockroaches
  9 goblins
  6 hobgoblins
  4 jackals (D:4)
  3 quokkas
  A ball python skeleton (Crypt:2)
  6 frilled lizards
  A jackal skeleton (D:5)
  A jackal zombie (D:7)
  7 kobolds
  A kobold zombie (Crypt:3)
  2 quokka skeletons
  2 quokka zombies
  7 rats
  A crawling corpse (Depths:2)
  A lurking horror (Abyss:2)
  2 plants (Shoals:3)
  8 starspawn tentacles
  5 tentacles (Shoals:1)
2676 creatures vanquished.

Vanquished Creatures (collateral kills)
  An Orb Guardian (Zot:5)
  A vault guard (Vaults:5)
  A satyr (Shoals:3)
  A merfolk avatar (Shoals:3)
  An orc sorcerer (Orc:2)
  A salamander (Snake:1)
  A faun (Shoals:3)
  2 moths of wrath (Zot:5)
  2 ice devils (IceCv)
  A merfolk (Shoals:3)
  A fire elemental (Snake:1)
  4 orc warriors (Orc:2)
  An ogre (Orc:2)
  A bullfrog (D:11)
  3 orc priests
  An orc wizard (Orc:2)
  2 ufetubi (IceCv)
  3 orcs
28 creatures vanquished.

Vanquished Creatures (others)
  2 deep elf master archers (Elf:3)
  A nagaraja (Snake:4)
  A draconian knight (Zot:3)
  A reaper (IceCv)
  A stone giant (Depths:5)
  A great orb of eyes (Vaults:1)
  A merfolk aquamancer (Shoals:4)
  A satyr (Shoals:3)
  A centaur warrior (D:13)
  An ogre mage (Vaults:2)
  4 naga sharpshooters (Snake:4)
  2 mana vipers (Snake:1)
  A necromancer (Depths:2)
  A deep elf mage (Elf:1)
  A slime creature (Vaults:2)
  A faun (Shoals:1)
  6 yaktaurs
  A water elemental (Depths:3)
  2 nagas (Snake:4)
  2 ogres
  2 centaurs
  An orc wizard (Vaults:4)
  2 white imps (IceCv)
  2 ufetubi (IceCv)
  3 orcs (Elf:1)
  29 fungi
  56 plants
  29 starspawn tentacles
  6 tentacles
  2 withered plants (Vaults:2)
164 creatures vanquished.

Grand Total: 2868 creatures vanquished

Notes
Turn   | Place    | Note
-------+----------+-------------------------------------------
     0 | D:1      | Inquire the Gnoll Berserker began the quest for the Orb.
     0 | D:1      | Reached XP level 1. HP: 23/23 MP: 1/1
    75 | D:1      | Reached XP level 2. HP: 16/29 MP: 2/2
   706 | D:2      | Reached XP level 3. HP: 35/35 MP: 3/3
   717 | D:2      | Reached skill level 1 in Invocations
   727 | D:2      | Reached skill level 1 in Short Blades
   727 | D:2      | Reached skill level 1 in Long Blades
   727 | D:2      | Reached skill level 1 in Axes
   727 | D:2      | Reached skill level 1 in Polearms
   727 | D:2      | Reached skill level 1 in Staves
   727 | D:2      | Reached skill level 1 in Slings
   727 | D:2      | Reached skill level 1 in Bows
   727 | D:2      | Reached skill level 1 in Crossbows
   727 | D:2      | Reached skill level 1 in Throwing
   727 | D:2      | Reached skill level 1 in Stealth
   727 | D:2      | Reached skill level 1 in Shields
   727 | D:2      | Reached skill level 1 in Unarmed Combat
   727 | D:2      | Reached skill level 1 in Spellcasting
   727 | D:2      | Reached skill level 1 in Evocations
   727 | D:2      | Reached XP level 4. HP: 41/41 MP: 3/5
   793 | D:2      | Reached ** piety under Trog
   943 | D:2      | Found a glowing golden altar of the Shining One.
   987 | D:2      | Gained mutation: You are weak. (Str -2) [potion of
                  | mutation]
   987 | D:2      | Gained mutation: Your flesh is cold resistant. (rC+)
                  | [potion of mutation]
  1310 | D:2      | Reached skill level 1 in Conjurations
  1310 | D:2      | Reached skill level 1 in Hexes
  1310 | D:2      | Reached skill level 1 in Charms
  1310 | D:2      | Reached skill level 1 in Summonings
  1310 | D:2      | Reached skill level 1 in Necromancy
  1310 | D:2      | Reached skill level 1 in Translocations
  1310 | D:2      | Reached skill level 1 in Transmutations
  1310 | D:2      | Reached skill level 1 in Fire Magic
  1310 | D:2      | Reached skill level 1 in Ice Magic
  1310 | D:2      | Reached skill level 1 in Air Magic
  1310 | D:2      | Reached skill level 1 in Earth Magic
  1310 | D:2      | Reached skill level 1 in Poison Magic
  1583 | D:3      | Found a runed translucent gate.
  1606 | D:3      | Found a runed translucent gate.
  1606 | D:3      | Found a runed translucent gate.
  1606 | D:3      | Noticed Craser22's ghost (amateur MiBe)
  1773 | D:3      | Reached XP level 5. HP: 47/47 MP: 6/6
  2043 | D:3      | Lost mutation: You are weak. (Str -2) [potion of mutation]
  2043 | D:3      | Gained mutation: You are partially covered in slimy green
                  | scales. (AC +2) [potion of mutation]
  2043 | D:3      | Gained mutation: Your spells are a little harder to cast,
                  | but a little more powerful. [potion of mutation]
  2236 | D:4      | Noticed a phantom
  2244 | D:4      | Upgraded the game from 0.24-a0-459-g225fefd530 to
                  | 0.24-a0-462-ge24419a6ad
  2283 | D:4      | Killed a phantom
  2283 | D:4      | Reached XP level 6. HP: 42/53 MP: 8/8
  2409 | D:5      | Entered Level 5 of the Dungeon
  2631 | D:5      | Reached skill level 5 in Armour
  2631 | D:5      | Reached skill level 5 in Dodging
  2727 | D:5      | Reached skill level 2 in Shields
  2887 | D:5      | Got a dazzling chain mail
  2890 | D:5      | Identified the +0 chain mail of Vlad {+Fly rElec Regen+
                  | Str-4} (You found it on level 5 of the Dungeon)
  3130 | D:5      | Reached XP level 7. HP: 31/59 MP: 10/10
  3163 | D:5      | Reached *** piety under Trog
  3658 | D:6      | Noticed Sigmund
  4410 | D:4      | Reached XP level 8. HP: 65/67 MP: 12/12
  4567 | D:4      | Reached skill level 3 in Shields
  5136 | D:6      | Killed Sigmund
  5315 | D:6      | Found a runed translucent door.
  5320 | D:6      | Found a runed translucent door.
  5323 | D:6      | Found a staircase to the Ecumenical Temple.
  5364 | D:6      | Reached **** piety under Trog
  5439 | D:6      | Reached XP level 9. HP: 68/72 MP: 14/14
  5523 | D:6      | Reached skill level 4 in Shields
  5962 | D:7      | Noticed Prince Ribbit
  5980 | D:7      | Killed Prince Ribbit
  5980 | D:7      | Reached skill level 5 in Invocations
  6047 | D:7      | Noticed Dowan
  6061 | D:7      | Noticed Duvessa
  6064 | D:7      | Killed Dowan
  6091 | D:7      | Killed Duvessa
  6185 | D:7      | Noticed Menkaure
  6192 | D:7      | Killed Menkaure
  6192 | D:7      | Reached XP level 10. HP: 58/80 MP: 7/17
  6565 | D:8      | Found a shadowy altar of Dithmenos.
  6575 | D:8      | Received a gift from Trog
  6707 | D:8      | Noticed Grum
  6733 | D:8      | Killed Grum
  7148 | D:8      | Found a runed translucent door.
  7151 | D:8      | Noticed Pikel
  7197 | D:8      | Killed Pikel
  7197 | D:8      | Reached skill level 5 in Short Blades
  7197 | D:8      | Reached skill level 5 in Long Blades
  7197 | D:8      | Reached skill level 5 in Axes
  7197 | D:8      | Reached skill level 5 in Polearms
  7197 | D:8      | Reached skill level 5 in Staves
  7197 | D:8      | Reached skill level 5 in Slings
  7197 | D:8      | Reached skill level 5 in Bows
  7197 | D:8      | Reached skill level 5 in Crossbows
  7197 | D:8      | Reached skill level 5 in Throwing
  7197 | D:8      | Reached skill level 5 in Stealth
  7197 | D:8      | Reached skill level 5 in Shields
  7197 | D:8      | Reached skill level 5 in Unarmed Combat
  7197 | D:8      | Reached skill level 5 in Spellcasting
  7197 | D:8      | Reached skill level 5 in Evocations
  7233 | D:8      | Noticed ssgaztpd's ghost (novice TrBe)
  7252 | D:8      | Killed ssgaztpd's ghost
  7667 | D:9      | Got a warped leather armour
  7668 | D:9      | Identified the +1 leather armour "Zezauc" {rElec MP+9} (You
                  | found it on level 9 of the Dungeon)
  7711 | D:9      | Reached ***** piety under Trog
  7781 | D:9      | Noticed Psyche
  7789 | D:9      | Killed Psyche
  8077 | D:9      | Reached XP level 11. HP: 87/87 MP: 19/19
  8196 | D:9      | Found a snail-covered altar of Cheibriados.
  8238 | D:9      | Received a gift from Trog
  8385 | D:10     | Entered Level 10 of the Dungeon
  8584 | D:10     | Reached skill level 6 in Shields
  8687 | D:10     | Reached skill level 5 in Conjurations
  8687 | D:10     | Reached skill level 5 in Hexes
  8687 | D:10     | Reached skill level 5 in Charms
  8687 | D:10     | Reached skill level 5 in Summonings
  8687 | D:10     | Reached skill level 5 in Necromancy
  8687 | D:10     | Reached skill level 5 in Translocations
  8687 | D:10     | Reached skill level 5 in Transmutations
  8687 | D:10     | Reached skill level 5 in Fire Magic
  8687 | D:10     | Reached skill level 5 in Ice Magic
  8687 | D:10     | Reached skill level 5 in Air Magic
  8687 | D:10     | Reached skill level 5 in Earth Magic
  8687 | D:10     | Reached skill level 5 in Poison Magic
  8839 | D:10     | Found a staircase to the Lair.
  9228 | D:11     | Found a staircase to the Orcish Mines.
  9232 | D:11     | Noticed Harold
  9306 | D:11     | Found a frozen archway.
  9314 | D:11     | Received a gift from Trog
  9334 | IceCv    | Entered an ice cave
  9418 | IceCv    | Received a gift from Trog
  9516 | IceCv    | Killed a reaper
  9591 | IceCv    | Got a distressingly furry hat
  9602 | IceCv    | Identified the +2 hat of Panentheism {+Blink rF+ Str+2}
                  | (You found it in an ice cave)
 10156 | D:11     | Reached XP level 12. HP: 87/96 MP: 22/22
 10430 | D:11     | Killed Harold
 10561 | D:12     | Found a hide-covered altar of Uskayaw.
 10600 | D:12     | Noticed a two-headed ogre
 10607 | D:12     | Found a transporter.
 10608 | D:12     | Found a bloodstained altar of Trog.
 10608 | D:12     | Identified the +6 dire flail "Ofistro" {crush, Dex+3}
 10615 | D:12     | Found a transporter.
 10619 | D:12     | Identified the +0 great mace of Kinerhuy {speed, +Rage +Inv
                  | MR+ Stlth+}
 10619 | D:12     | Identified the cursed +2 great mace "Fukuism" {flame,
                  | Int+3}
 10619 | D:12     | Noticed an ettin
 10628 | D:12     | Noticed hemabe's ghost (journeyman HuAr)
 10641 | D:12     | Noticed a two-headed ogre
 10658 | D:12     | Killed a two-headed ogre
 10718 | D:12     | Reached skill level 7 in Shields
 10842 | D:12     | Noticed a two-headed ogre
 10851 | D:12     | Killed a two-headed ogre
 10879 | D:12     | Received a gift from Trog
 10913 | D:12     | Noticed Sonja
 10922 | D:12     | Killed Sonja
 11034 | D:12     | Noticed a two-headed ogre
 11043 | D:12     | Killed a two-headed ogre
 11276 | D:13     | Noticed a two-headed ogre
 11297 | D:13     | Killed a two-headed ogre
 11381 | D:13     | Reached skill level 10 in Fighting
 11381 | D:13     | Reached skill level 10 in Maces & Flails
 11382 | D:13     | Noticed a centaur warrior
 11505 | Lair:1   | Entered Level 1 of the Lair of Beasts
 12704 | Lair:2   | Reached XP level 13. HP: 90/103 MP: 24/24
 12925 | Lair:2   | Reached skill level 8 in Shields
 13583 | Lair:3   | Got a pair of polished gloves
 13594 | Lair:3   | Received a gift from Trog
 13652 | Lair:3   | Identified the +2 pair of gloves of the Mutiny {rPois Int-4
                  | SInv} (You found it on level 3 of the Lair of Beasts)
 14044 | Lair:4   | Found a staircase to the Snake Pit.
 14049 | Lair:4   | Reached XP level 14. HP: 111/111 MP: 26/26
 14189 | Lair:4   | Received a gift from Trog
 14243 | Lair:4   | Found a staircase to the Shoals.
 14349 | Lair:4   | Reached skill level 10 in Armour
 14349 | Lair:4   | Reached skill level 10 in Dodging
 14571 | Lair:4   | Reached skill level 9 in Shields
 14576 | Lair:4   | Received a gift from Trog
 15079 | Lair:5   | Reached XP level 15. HP: 118/118 MP: 28/28
 15678 | Lair:6   | Entered Level 6 of the Lair of Beasts
 15713 | Lair:5   | Reached skill level 10 in Invocations
 16325 | Lair:6   | Received a gift from Trog
 16419 | Lair:6   | Found a viscous altar of Jiyva.
 16419 | Lair:6   | Found a staircase to the Slime Pits.
 16791 | Lair:6   | Got a coiled bronze ring
 16800 | Lair:6   | Identified the ring "Gacu" {Wiz rC+ Str+2 Dex+3} (You found
                  | it on level 6 of the Lair of Beasts)
 17390 | Orc:1    | Entered Level 1 of the Orcish Mines
 17566 | Orc:2    | Entered Level 2 of the Orcish Mines
 17566 | Orc:2    | Found a staircase to the Elven Halls.
 17566 | Orc:2    | Found Hamaboc's Distillery.
 17566 | Orc:2    | Found Nautsefe's Antique Weapon Shoppe.
 17566 | Orc:2    | Found Netiupuo's Assorted Antiques.
 17568 | Orc:2    | Bought a potion of resistance for 120 gold pieces
 17568 | Orc:2    | Bought 2 potions of curing for 72 gold pieces
 17568 | Orc:2    | Bought a potion of ambrosia for 96 gold pieces
 17568 | Orc:2    | Bought a potion of curing for 36 gold pieces
 17568 | Orc:2    | Bought a potion of haste for 120 gold pieces
 17568 | Orc:2    | Bought a potion of cancellation for 96 gold pieces
 17618 | Orc:2    | Gained mutation: Your body sometimes deteriorates upon
                  | taking damage. [a neqoxec]
 17674 | Orc:2    | Found Piem's Food Boutique.
 17689 | Orc:2    | Received a gift from Trog
 17691 | Orc:2    | Found a gate leading to a gauntlet.
 17719 | Gauntlet | Entered a Gauntlet
 17719 | Gauntlet | Found a transporter.
 17719 | Gauntlet | Found a transporter.
 17723 | Gauntlet | Found a transporter.
 17725 | Gauntlet | Found a transporter.
 17730 | Gauntlet | Found a transporter.
 17737 | Gauntlet | Found a transporter.
 17743 | Gauntlet | Found a large runed translucent door.
 17744 | Gauntlet | Found a large runed translucent door.
 17746 | Gauntlet | Found a runed translucent gate.
 17747 | Gauntlet | Found a transporter.
 17747 | Gauntlet | Found a transporter.
 17747 | Gauntlet | Found a runed translucent gate.
 17748 | Gauntlet | Found a runed translucent gate.
 17750 | Gauntlet | Found a large runed translucent door.
 17751 | Gauntlet | Found a large runed translucent door.
 17755 | Gauntlet | Found a large runed translucent door.
 17755 | Gauntlet | Found a large runed translucent door.
 17756 | Gauntlet | Found a large runed translucent door.
 17756 | Gauntlet | Found a large runed translucent door.
 17759 | Gauntlet | Found a transporter.
 17762 | Gauntlet | Found a large runed translucent door.
 17762 | Gauntlet | Found a large runed translucent door.
 17762 | Gauntlet | Found a runed translucent door.
 17762 | Gauntlet | Found a runed translucent door.
 17763 | Gauntlet | Found a large runed translucent door.
 17764 | Gauntlet | Found a large runed translucent door.
 17766 | Gauntlet | Found a transporter.
 17778 | Gauntlet | Found a transporter.
 17796 | Gauntlet | Found a transporter.
 17842 | Gauntlet | Found a transporter.
 17858 | Gauntlet | Found a transporter.
 17873 | Gauntlet | Found a large runed translucent door.
 17873 | Gauntlet | Found a large runed translucent door.
 17874 | Gauntlet | Found a large runed translucent door.
 17875 | Gauntlet | Found a large runed translucent door.
 17960 | Gauntlet | Found a transporter.
 17976 | Gauntlet | Found a transporter.
 18177 | Gauntlet | Got a brightly glowing amber ring
 18211 | Gauntlet | Identified the ring of Fuus {Str+4 Int+4 Dex-2 Slay+5
                  | Stlth+} (You found it in a Gauntlet)
 18241 | Gauntlet | Identified the ring of Ridyrex {rPois EV+3}
 18261 | Gauntlet | Got a crude bone ring
 18304 | Orc:2    | Identified the ring "Koineik" {+Blink Stlth-} (You found it
                  | in a Gauntlet)
 18624 | Orc:2    | Lost mutation: Your flesh is cold resistant. (rC+) [potion
                  | of mutation]
 18624 | Orc:2    | Lost mutation: Your body sometimes deteriorates upon taking
                  | damage. [potion of mutation]
 18624 | Orc:2    | Gained mutation: You evolve. [potion of mutation]
 18624 | Orc:2    | Lost mutation: Your spells are a little harder to cast, but
                  | a little more powerful. [potion of mutation]
 18624 | Orc:2    | Gained mutation: You are resistant to hostile enchantments.
                  | (MR+) [potion of mutation]
 18820 | Orc:2    | Found Hatomuam's Magic Scroll Shoppe.
 18831 | Orc:2    | Bought a scroll of teleportation for 48 gold pieces
 18831 | Orc:2    | Bought a scroll of teleportation for 48 gold pieces
 18831 | Orc:2    | Bought a scroll of teleportation for 48 gold pieces
 18831 | Orc:2    | Bought a scroll of enchant weapon for 120 gold pieces
 18831 | Orc:2    | Bought a scroll of enchant weapon for 120 gold pieces
 18831 | Orc:2    | Bought a scroll of magic mapping for 56 gold pieces
 18831 | Orc:2    | Identified a scroll of acquirement
 18835 | Orc:2    | Bought a dented diamond amulet for 140 gold pieces
 18835 | Orc:2    | Bought a potion of curing for 84 gold pieces
 18835 | Orc:2    | Bought a potion of heal wounds for 140 gold pieces
 18835 | Orc:2    | Bought a scroll of enchant weapon for 210 gold pieces
 18835 | Orc:2    | Bought a silvery potion for 25 gold pieces
 18870 | Orc:2    | Bought a scroll of identify for 32 gold pieces
 18870 | Orc:2    | Bought a scroll of identify for 32 gold pieces
 18870 | Orc:2    | Bought a scroll of identify for 32 gold pieces
 18942 | D:12     | Gained mutation: Your magical capacity is low. (-10% MP)
                  | [evolution]
 19079 | D:13     | Reached skill level 10 in Shields
 19200 | D:14     | Reached skill level 10 in Short Blades
 19200 | D:14     | Reached skill level 10 in Long Blades
 19200 | D:14     | Reached skill level 10 in Axes
 19200 | D:14     | Reached skill level 10 in Polearms
 19200 | D:14     | Reached skill level 10 in Staves
 19200 | D:14     | Reached skill level 10 in Slings
 19200 | D:14     | Reached skill level 10 in Bows
 19200 | D:14     | Reached skill level 10 in Crossbows
 19200 | D:14     | Reached skill level 10 in Throwing
 19200 | D:14     | Reached skill level 10 in Stealth
 19200 | D:14     | Reached skill level 10 in Unarmed Combat
 19200 | D:14     | Reached skill level 10 in Spellcasting
 19200 | D:14     | Reached skill level 10 in Evocations
 19260 | D:14     | Reached XP level 16. HP: 115/127 MP: 27/27
 19383 | D:14     | Received a gift from Trog
 19414 | D:14     | You fall into a shaft and drop 1 floor!
 19414 | D:15     | Entered Level 15 of the Dungeon
 19735 | D:15     | Received a gift from Trog
 19871 | D:15     | Found a shadowy altar of Dithmenos.
 19932 | D:15     | Reached skill level 11 in Shields
 20032 | D:15     | Found a staircase to the Depths.
 20454 | D:14     | Found Ruecobba's Magic Scroll Shoppe.
 20454 | D:14     | Found a stormy altar of Qazlal.
 20466 | D:14     | Bought a scroll of fear for 45 gold pieces
 20466 | D:14     | Bought a scroll of fear for 45 gold pieces
 20466 | D:14     | Bought a scroll of enchant armour for 97 gold pieces
 20471 | D:14     | Found Hucwyma's Food Shop.
 20578 | D:14     | Found Emewkire's Jewellery Shoppe.
 20583 | D:14     | Got a warped trident
 20619 | D:14     | Found a sparkling altar of Nemelex Xobeh.
 20830 | D:14     | Gained mutation: You are clumsy. (Dex -2) [evolution]
 21171 | D:13     | Identified the +2 trident of the Ageless Runes {flame,
                  | -Tele Str+8 Int+4} (You found it on level 14 of the
                  | Dungeon)
 21176 | D:13     | Received a gift from Trog
 21467 | D:13     | Found a gate to the Vaults.
 21645 | D:12     | Reached XP level 17. HP: 134/134 MP: 28/28
 21687 | D:12     | Killed hemabe's ghost
 21782 | Elf:1    | Entered Level 1 of the Elven Halls
 21885 | Elf:1    | Found Ajovow's Weapon Boutique.
 21888 | Elf:1    | Found Irylas's Book Boutique.
 21888 | Elf:1    | Found Rohoh's Magic Scroll Shop.
 21893 | Elf:1    | Found Erghun's Weapon Shop.
 21902 | Elf:1    | Bought a scroll of teleportation for 36 gold pieces
 22015 | Elf:1    | Identified the amulet of Juetie {+Rage rN++ Str-5 Int+4}
 22347 | Elf:1    | Reached XP level 18. HP: 129/141 MP: 29/29
 22482 | Elf:1    | Reached skill level 12 in Shields
 22486 | Elf:1    | Noticed a Brimstone Fiend
 22690 | Elf:1    | Found a runed translucent gate.
 22690 | Elf:1    | Found a runed translucent gate.
 22690 | Elf:1    | Found a runed translucent gate.
 22690 | Elf:1    | Found a runed translucent gate.
 22690 | Elf:1    | Found a runed translucent gate.
 22692 | Elf:1    | Found a runed translucent gate.
 22895 | Elf:1    | Received a gift from Trog
 23411 | Elf:2    | You fall into a shaft and drop 1 floor!
 23411 | Elf:3    | Entered Level 3 of the Elven Halls
 23888 | Elf:3    | Found Niotag's Distillery.
 23891 | Elf:3    | Bought 2 potions of heal wounds for 110 gold pieces
 23891 | Elf:3    | Bought a potion of curing for 33 gold pieces
 23891 | Elf:3    | Bought a potion of flight for 33 gold pieces
 23891 | Elf:3    | Bought a potion of might for 44 gold pieces
 23891 | Elf:3    | Bought a potion of agility for 44 gold pieces
 23891 | Elf:3    | Bought a potion of agility for 44 gold pieces
 23891 | Elf:3    | Bought a potion of agility for 44 gold pieces
 23891 | Elf:3    | Bought 2 potions of flight for 66 gold pieces
 24241 | Elf:2    | Received a gift from Trog
 24633 | Elf:2    | Found a runed translucent gate.
 24633 | Elf:2    | Found a runed translucent gate.
 24633 | Elf:2    | Found a runed translucent gate.
 24893 | Snake:1  | Entered Level 1 of the Snake Pit
 24895 | Snake:1  | Noticed Roxanne
 24927 | Snake:1  | Noticed Azrael
 24950 | Snake:1  | Noticed Jorgrun
 25116 | Shoals:1 | Entered Level 1 of the Shoals
 25346 | Shoals:1 | Reached skill level 13 in Shields
 25525 | Shoals:2 | Received a gift from Trog
 25546 | Shoals:3 | Found Kekhaeb's Magic Scroll Emporium.
 25592 | Shoals:3 | Reached skill level 10 in Conjurations
 25592 | Shoals:3 | Reached skill level 10 in Hexes
 25592 | Shoals:3 | Reached skill level 10 in Charms
 25592 | Shoals:3 | Reached skill level 10 in Summonings
 25592 | Shoals:3 | Reached skill level 10 in Necromancy
 25592 | Shoals:3 | Reached skill level 10 in Translocations
 25592 | Shoals:3 | Reached skill level 10 in Transmutations
 25592 | Shoals:3 | Reached skill level 10 in Fire Magic
 25592 | Shoals:3 | Reached skill level 10 in Ice Magic
 25592 | Shoals:3 | Reached skill level 10 in Air Magic
 25592 | Shoals:3 | Reached skill level 10 in Earth Magic
 25592 | Shoals:3 | Reached skill level 10 in Poison Magic
 26278 | Shoals:3 | Found a runed translucent gate.
 26278 | Shoals:3 | Found a runed translucent gate.
 26278 | Shoals:3 | Found a runed translucent gate.
 26279 | Shoals:3 | Found an opulent altar of Gozag.
 26280 | Shoals:3 | Noticed UristMcMason's ghost (adept DEFE)
 26494 | Shoals:3 | Received a gift from Trog
 26494 | Shoals:3 | Reached XP level 19. HP: 144/149 MP: 31/31
 26845 | Shoals:4 | Entered Level 4 of the Shoals
 28350 | Shoals:4 | Noticed Mara
 28433 | Shoals:3 | Received a gift from Trog
 28456 | Shoals:4 | Noticed Ilsuiw
 28489 | Shoals:4 | Killed Ilsuiw
 28637 | Snake:1  | Killed Jorgrun
 28642 | Snake:1  | Killed Azrael
 28663 | Snake:1  | Received a gift from Trog
 28969 | Snake:1  | Found Hiulaune's Gadget Emporium.
 28969 | Snake:1  | Noticed Frances
 28971 | Snake:1  | Noticed Asterion
 28987 | Snake:1  | Killed Frances
 28987 | Snake:1  | Reached skill level 14 in Shields
 29009 | Snake:1  | Killed Asterion
 29036 | Snake:1  | Found Sofroeg's Jewellery Boutique.
 29037 | Snake:1  | Found Biroan's Gadget Emporium.
 29569 | Snake:2  | Received a gift from Trog
 29638 | Snake:2  | Noticed Louise
 29666 | Snake:2  | Killed Louise
 29776 | Snake:2  | Received a gift from Trog
 30015 | Snake:2  | Noticed Aizul
 30022 | Snake:2  | Killed Aizul
 30813 | Snake:3  | Reached XP level 20. HP: 144/158 MP: 32/32
 30860 | Snake:3  | Found a shattered altar of Ashenzari.
 31628 | Snake:3  | Received a gift from Trog
 31979 | Snake:4  | Entered Level 4 of the Snake Pit
 32532 | Snake:4  | Reached ****** piety under Trog
 32543 | Snake:4  | Received a gift from Trog
 32599 | Snake:4  | Reached skill level 15 in Shields
 32631 | Snake:4  | Noticed Vashnia
 33053 | Snake:4  | Identified the +0 robe of Negation {Str+3} (You found it on
                  | level 4 of the Snake Pit)
 33248 | Snake:4  | Received a gift from Trog
 33388 | Snake:4  | Found a runed translucent gate.
 33388 | Snake:4  | Found a runed translucent gate.
 33389 | Snake:4  | Found a runed translucent gate.
 33395 | Snake:4  | Noticed swagumen's ghost (adept MiBe)
 33665 | Snake:4  | Killed swagumen's ghost
 33845 | Snake:4  | Killed Vashnia
 34416 | Snake:4  | Got a serpentine rune of Zot
 35131 | Vaults:1 | Entered Level 1 of the Vaults
 35252 | Vaults:1 | Reached XP level 21. HP: 148/166 MP: 34/34
 35340 | Vaults:1 | Received a gift from Trog
 35802 | Vaults:1 | Received a gift from Trog
 36162 | Vaults:1 | Noticed Donald
 36179 | Vaults:1 | Killed Donald
 37172 | Vaults:2 | Received a gift from Trog
 37174 | Vaults:2 | Reached skill level 16 in Shields
 37354 | Vaults:2 | Received a gift from Trog
 37948 | Vaults:2 | Found a runed translucent gate.
 37948 | Vaults:2 | Found a runed translucent gate.
 37948 | Vaults:2 | Found a runed translucent gate.
 37950 | Vaults:2 | Noticed Zero's ghost (adept GrBe)
 37950 | Vaults:2 | Noticed Caiboroc's ghost (adept DrTm)
 38003 | Vaults:2 | Received a gift from Trog
 38701 | Vaults:3 | Received a gift from Trog
 38705 | Vaults:3 | Reached XP level 22. HP: 148/174 MP: 35/35
 38752 | Vaults:3 | Found Jopuduki's Magic Scroll Emporium.
 38777 | Vaults:3 | Received a gift from Trog
 38819 | Vaults:3 | Reached skill level 15 in Fighting
 38819 | Vaults:3 | Reached skill level 15 in Maces & Flails
 39067 | Vaults:3 | Received a gift from Trog
 39067 | Vaults:3 | Reached skill level 15 in Invocations
 39243 | Vaults:3 | Found a staircase to the Crypt.
 39491 | Vaults:3 | Lost mutation: Your magical capacity is low. (-10% MP)
                  | [evolution]
 39491 | Vaults:3 | Lost mutation: You evolve. [end of evolution]
 40289 | Vaults:4 | Reached skill level 17 in Shields
 40389 | Vaults:4 | Received a gift from Trog
 41210 | Vaults:4 | Received a gift from Trog
 41221 | Vaults:4 | Identified the +5 quick blade of a Hundred Wars {pierce,
                  | MR+} (Trog gifted it to you on level 4 of the Vaults)
 41557 | Crypt:1  | Entered Level 1 of the Crypt
 41854 | Elf:1    | Bought a manual of Fighting for 1435 gold pieces
 42013 | Elf:2    | Reached XP level 23. HP: 154/182 MP: 41/41
 42407 | Elf:2    | Reached skill level 15 in Armour
 42407 | Elf:2    | Reached skill level 15 in Dodging
 43040 | Elf:3    | Received a gift from Trog
 43463 | Elf:3    | Received a gift from Trog
 43614 | Elf:3    | Identified the cursed +1 scale mail "Enyag" {-Cast rN+
                  | Int+3}
 43655 | Elf:3    | Identified the amulet of Xom's Fair Game {Spirit rN+ Slay-2
                  | Stlth+}
 43700 | Elf:3    | Identified the +6 chain mail of Ruceviku {rElec Str+3
                  | Int+3}
 43792 | Elf:3    | Identified the ring of Luesmira {rPois Str+2 Dex+4 Stlth+}
 44251 | Elf:3    | Identified the +3 hunting sling "Amozamp" {speed, +Inv
                  | Int+7} (You found it on level 3 of the Elven Halls)
 44258 | Elf:3    | Identified the cursed +0 hunting sling "Fadit" {venom, rF+
                  | Dex+6} (You found it on level 3 of the Elven Halls)
 44599 | Shoals:3 | Reached skill level 18 in Shields
 44660 | Shoals:3 | Received a gift from Trog
 44664 | Shoals:3 | Killed UristMcMason's ghost
 44701 | Shoals:3 | Bought a scroll of identify for 28 gold pieces
 44701 | Shoals:3 | Bought a scroll of identify for 28 gold pieces
 44701 | Shoals:3 | Bought a scroll of identify for 28 gold pieces
 44701 | Shoals:3 | Bought a scroll of identify for 28 gold pieces
 44819 | Shoals:4 | Received a gift from Trog
 44911 | Shoals:4 | Identified the +3 long sword "Goblinbane" {slice, rPois
                  | rN++ Int+3}
 45087 | Shoals:4 | Identified the amulet "Ottaont" {+Rage rPois Str+5 Int+3}
 45102 | Shoals:4 | Received a gift from Trog
 45235 | Shoals:4 | Noticed Inquire's illusion
 45273 | Shoals:4 | Noticed Inquire's illusion
 45286 | Shoals:4 | Killed Mara
 45516 | Shoals:4 | Reached skill level 15 in Staves
 45665 | Shoals:4 | Noticed Polyphemus
 45677 | Shoals:4 | Killed Polyphemus
 45821 | Shoals:4 | Got a barnacled rune of Zot
 46023 | Shoals:4 | Reached XP level 24. HP: 187/193 MP: 41/41
 46488 | Depths:1 | Entered Level 1 of the Depths
 46578 | Depths:1 | Reached skill level 15 in Short Blades
 46578 | Depths:1 | Reached skill level 15 in Long Blades
 46578 | Depths:1 | Reached skill level 15 in Axes
 46578 | Depths:1 | Reached skill level 15 in Polearms
 46578 | Depths:1 | Reached skill level 15 in Slings
 46578 | Depths:1 | Reached skill level 15 in Bows
 46578 | Depths:1 | Reached skill level 15 in Crossbows
 46578 | Depths:1 | Reached skill level 15 in Throwing
 46578 | Depths:1 | Reached skill level 15 in Stealth
 46578 | Depths:1 | Reached skill level 15 in Unarmed Combat
 46578 | Depths:1 | Reached skill level 15 in Spellcasting
 46578 | Depths:1 | Reached skill level 15 in Evocations
 46623 | Depths:1 | Found a gateway to Hell.
 46808 | Depths:1 | Received a gift from Trog
 46935 | Depths:1 | Found a bloodstained altar of Trog.
 47149 | Depths:1 | Identified the +1 pair of gloves of Gedone {rF+ rN+ Str+2}
                  | (You found it on level 1 of the Depths)
 47931 | Depths:2 | Received a gift from Trog
 48176 | Depths:2 | Noticed a juggernaut
 48195 | Depths:2 | Killed a juggernaut
 48210 | Depths:2 | Got a smoking platinum ring
 48212 | Depths:2 | Identified the ring of Puloihose {rF+ rCorr MP+9 Str-3
                  | Int+2} (You found it on level 2 of the Depths)
 48263 | Depths:2 | Reached skill level 19 in Shields
 48323 | Depths:2 | Noticed a juggernaut
 48394 | Depths:2 | Found a gateway to a ziggurat.
 48486 | Depths:2 | Found a one-way gate leading to the halls of Pandemonium.
 48563 | Depths:2 | Received a gift from Trog
 48624 | Depths:2 | Reached XP level 25. HP: 202/202 MP: 42/42
 48747 | Depths:2 | Killed a juggernaut
 49187 | Depths:2 | Identified the Catalogue of Darkness
 49301 | Depths:2 | Identified the Papyrus of Ghastly Ice
 49357 | Depths:2 | Identified Ykudd's Tome of Lucky Unholy Magic
 49416 | Depths:2 | Received a gift from Trog
 49541 | Depths:3 | Cast into level 2 of the Abyss (hell knight)
 49658 | Depths:3 | Escaped the Abyss
 49887 | Depths:3 | You fall into a shaft and drop 1 floor!
 49951 | Depths:4 | Found a one-way gate to the infinite horrors of the Abyss.
 50029 | Depths:4 | Received a gift from Trog
 50104 | Depths:5 | Entered Level 5 of the Depths
 50227 | Depths:4 | Noticed a greater mummy
 50425 | Depths:4 | Noticed a greater mummy
 50443 | Depths:4 | Killed a greater mummy
 50777 | Depths:4 | Noticed a greater mummy
 50796 | Depths:4 | Killed a greater mummy
 50796 | Depths:4 | Received a gift from Trog
 50864 | Depths:3 | Received a gift from Trog
 50970 | Depths:3 | Reached skill level 20 in Shields
 50995 | Depths:3 | Reached XP level 26. HP: 211/211 MP: 43/43
 51003 | Depths:3 | Identified the +5 rapier of the Imperium {pierce, Fragile
                  | rN+ MR++} (You found it on level 3 of the Depths)
 52060 | Depths:4 | Found the +7 sceptre of Torment {pain, torment}
 52560 | Depths:5 | Received a gift from Trog
 52747 | Depths:5 | Identified the cursed +0 whip of Bumaceih {slash, MR+
                  | Int+3}
 52887 | Depths:5 | Found a gate to the Realm of Zot.
 53819 | Crypt:3  | Entered Level 3 of the Crypt
 53867 | Crypt:3  | Received a gift from Trog
 54385 | Crypt:3  | Received a gift from Trog
 54410 | Crypt:3  | Found an ancient bone altar of Kikubaaqudgha.
 54921 | Crypt:3  | Found a staircase to the Tomb.
 55170 | Crypt:3  | Noticed an ancient lich
 55183 | Crypt:3  | Killed an ancient lich
 55183 | Crypt:3  | Reached XP level 27. HP: 194/218 MP: 43/43
 55222 | Crypt:3  | Identified the +10 plate armour of Sif Muna's Outrage
                  | {Int+2} (You found it on level 3 of the Crypt)
 55232 | Crypt:3  | Identified the Compendium of Evil Rituals
 55601 | Crypt:2  | Reached skill level 21 in Shields
 55727 | Crypt:2  | Identified the cursed +0 ring mail "Hiwko" {*Slow rC+++ MR-
                  | rCorr Stlth+} (You found it on level 2 of the Crypt)
 55885 | Crypt:2  | Noticed Saint Roka
 55909 | Crypt:2  | Killed Saint Roka
 56351 | Crypt:1  | Received a gift from Trog
 56551 | Crypt:1  | Found a basalt altar of Yredelemnul.
 56730 | Crypt:1  | Received a gift from Trog
 57108 | Vaults:5 | Entered Level 5 of the Vaults
 57323 | Vaults:5 | Received a gift from Trog
 57600 | Vaults:5 | Identified the +5 chain mail "Kag Kagg" {*Contam rN+ Str+2}
                  | (You found it on level 5 of the Vaults)
 57602 | Vaults:5 | Identified the +2 chain mail of Horrykio {rN+ MR- Dex+7}
                  | (You found it on level 5 of the Vaults)
 57728 | Vaults:5 | Reached skill level 15 in Conjurations
 57728 | Vaults:5 | Reached skill level 15 in Hexes
 57728 | Vaults:5 | Reached skill level 15 in Charms
 57728 | Vaults:5 | Reached skill level 15 in Summonings
 57728 | Vaults:5 | Reached skill level 15 in Necromancy
 57728 | Vaults:5 | Reached skill level 15 in Translocations
 57728 | Vaults:5 | Reached skill level 15 in Transmutations
 57728 | Vaults:5 | Reached skill level 15 in Fire Magic
 57728 | Vaults:5 | Reached skill level 15 in Ice Magic
 57728 | Vaults:5 | Reached skill level 15 in Air Magic
 57728 | Vaults:5 | Reached skill level 15 in Earth Magic
 57728 | Vaults:5 | Reached skill level 15 in Poison Magic
 57743 | Vaults:5 | Identified the +9 trident of Fragile Peace {distort, rElec
                  | rC+ Str+2}
 57746 | Vaults:5 | Received a gift from Trog
 57762 | Vaults:5 | Identified the cursed +1 short sword "Neirypp" {pierce,
                  | Str+4}
 57932 | Vaults:5 | Received a gift from Trog
 58031 | Vaults:5 | Received a gift from Trog
 58174 | Vaults:5 | Got a silver rune of Zot
 58223 | Vaults:5 | Reached skill level 22 in Shields
 58648 | Vaults:5 | Identified the +4 acid dragon scales of Rimeisch {rCorr
                  | Dex+3}
 58865 | Vaults:5 | Got a twisted leather armour
 58866 | Vaults:5 | Identified the +0 leather armour of the Realm of Zot {+Fly
                  | rElec} (You found it on level 5 of the Vaults)
 59255 | Slime:1  | Entered Level 1 of the Pits of Slime
 59307 | Slime:2  | Received a gift from Trog
 59467 | Slime:5  | Entered Level 5 of the Pits of Slime
 59474 | Slime:5  | Paralysed by a floating eye for 3 turns
 59484 | Slime:4  | Paralysed by a floating eye for 3 turns
 59495 | Slime:4  | Paralysed by a floating eye for 4 turns
 59826 | Slime:5  | Gained mutation: You are weak. (Str -2) [a shining eye]
 59830 | Slime:5  | Gained mutation: You are very clumsy. (Dex -4) [a shining
                  | eye]
 59930 | Slime:5  | Noticed the Royal Jelly
 59931 | Slime:5  | Received a gift from Trog
 60243 | Slime:5  | Found a viscous altar of Jiyva.
 60326 | Slime:5  | Killed the Royal Jelly
 60376 | Slime:5  | Got a slimy rune of Zot
 60402 | Slime:5  | Got a bound tin ring
 60417 | Slime:5  | Identified the ring "Muarrimam" {Wiz rF+ MR+ Dex+2} (You
                  | found it on level 5 of the Pits of Slime)
 60419 | Slime:5  | Got a crude marble ring
 60420 | Slime:5  | Identified the ring "Epiac" {rN+ MR+++ Str+4 Int-2 Dex-3}
                  | (You found it on level 5 of the Pits of Slime)
 60551 | Slime:5  | Identified the +2 troll leather armour of Bad Feelings
                  | {rPois Regen+ Str+2} (You found it on level 5 of the Pits
                  | of Slime)
 60559 | Slime:5  | Identified the cursed +1 scale mail "Uhunudd" {+Blink rC++
                  | rN+ MR-} (You found it on level 5 of the Pits of Slime)
 60562 | Slime:5  | Identified the +6 fire dragon scales of Zouluosk {rPois
                  | rF++ rC- MR+ rCorr} (You found it on level 5 of the Pits of
                  | Slime)
 60996 | Depths:4 | Voluntarily entered the Abyss.
 61518 | Abyss:2  | Found a hazy altar of Hepliaklqana.
 62049 | Abyss:2  | Received a gift from Trog
 62393 | Abyss:4  | Received a gift from Trog
 62423 | Abyss:4  | Paralysed by accursed screaming for 2 turns
 62453 | Abyss:4  | Got an abyssal rune of Zot
 62742 | Abyss:4  | Received a gift from Trog
 62808 | Depths:4 | Escaped the Abyss
 63105 | Zot:1    | Entered Level 1 of the Realm of Zot
 63320 | Zot:2    | Received a gift from Trog
 63332 | Zot:2    | Reached skill level 23 in Shields
 64342 | Zot:3    | Received a gift from Trog
 64844 | Zot:4    | Received a gift from Trog
 64946 | Zot:5    | Entered Level 5 of the Realm of Zot
 66012 | Zot:5    | Noticed an orb of fire
 66013 | Zot:5    | Noticed an ancient lich
 66023 | Zot:5    | Noticed an ancient lich
 66025 | Zot:5    | Noticed an ancient lich
 66026 | Zot:5    | Noticed an ancient lich
 66026 | Zot:5    | Noticed an ancient lich
 66046 | Zot:5    | Noticed an ancient lich
 66046 | Zot:5    | Noticed an ancient lich
 66047 | Zot:5    | Noticed an ancient lich
 66049 | Zot:5    | Noticed an orb of fire
 66050 | Zot:5    | Noticed an ancient lich
 66051 | Zot:5    | Noticed an orb of fire
 66062 | Zot:5    | Noticed an ancient lich
 66106 | Zot:5    | Gained mutation: You tend to lose your temper in combat.
                  | [an orb of fire]
 66136 | Zot:5    | Killed from afar by an ancient lich

Levels and vault maps discovered:
D:1:      dpeg_arrival_round_a, layout_rooms
D:2:      minmay_inner_zag, layout_rooms, tso_metal_star
D:3:      layout_basic, gammafunk_ghost_necromancy, hex_large
D:4:      layout_gridville, serial_undead, serial_undead_b, serial_undead_d,
          serial_undead_b, serial_undead_c, serial_undead_c, serial_undead_c,
          nrook_mini_backslash, hex_tiny
D:5:      layout_basic, first_ration
D:6:      lemuel_insect_pit, layout_rooms, temple_fountains, uniq_sigmund
D:7:      layout_basic, the_bakery, uniq_menkaure, uniq_prince_ribbit1,
          uniq_duvessa
D:8:      layout_basic, ebering_ghost_reflecting_pool, basic_altar, uniq_grum,
          uniq_pikel
D:9:      layout_roguey, cheibriados_altar_1, uniq_psyche
D:10:     layout_cave_pools, lair_entry_dummy, minmay_misc_feat_rugged
D:11:     layout_gridville, orc_0_dummy, portal_ice_cave_entry_ice_beasts,
          uniq_harold
D:12:     layout_roguey, basic_altar, gammafunk_ghost_wrathful_warriors,
          uniq_sonja
D:13:     layout_long_grid, david_vaults_1
D:14:     minmay_tri_stars, layout_stronghold, old_standard_altar, serial_shops,
          nicolae_shop_window_shopping, shop, shop_fountains,
          nicolae_qazlal_style_of_elements
D:15:     hangedman_depths_entry_civil_slaughter, layout_loops_ring,
          serial_glass, glass_columns_a, glass_columns_c, feat_on_display,
          due_unseen_surprise, nicolae_dithmenos_through_a_glass_darkly
Lair:1:   layout_layer_cave
Lair:2:   layout_chaotic_city, chequers_serial_rivers_micro_c, st_stairs_7,
          minivault_27
Lair:3:   layout_cave_shapes
Lair:4:   pond_and_an_island_with_a_cottage, layout_regular_city,
          elwin_shoals_entry_stream, minmay_snake_entry_spellcaster,
          grunt_forest_large_clearings
Lair:5:   layout_hall_layers
Lair:6:   minmay_lair_end_frog_pond, layout_loops_ring,
          dpeg_slime_entry_enclosed_altar
Shoals:1: layout_shoals, nicolae_shoals_kraken_intersection
Shoals:2: layout_shoals
Shoals:3: layout_shoals, serial_shops, shop, ebering_ghost_gozag
Shoals:4: shoals_end_grunt_ice, layout_shoals, shoals_ilsuiw_ice,
          uniq_polyphemus, uniq_mara
Snake:1:  layout_basic, minmay_shop_grove, uniq_jorgrun, uniq_frances,
          uniq_asterion, uniq_roxanne, uniq_azrael
Snake:2:  layout_onion, uniq_aizul, uniq_louise
Snake:3:  layout_chambers, basic_altar
Snake:4:  grunt_snake_rune_pools, layout_cave_town, gammafunk_ghost_necromancy,
          uniq_vashnia
Slime:1:  layout_caves
Slime:2:  layout_caves, cheibrodos_slime_lost_civilization_7
Slime:3:  layout_caves
Slime:4:  layout_caves
Slime:5
Orc:1:    layout_caves
Orc:2:    st_orc_elflike, layout_caves, gauntlet_entry_generic, serial_shops,
          nicolae_shop_stone
Elf:1:    eino_elf_arrival_sip, layout_loops_corners, orc_legates,
          minmay_shoptagon
Elf:2:    layout_geoelf_octagon
Elf:3:    minmay_elf_hall_circle, layout_onion_city, serial_shops, shop,
          hangedman_elven_ridges, kennysheep_underground_church
Vaults:1: vaults_room_door_ring, nicolae_vaults_what_the_h,
          ontoclasm_vaults_chip, vaults_dpeg_doors, special_room_vaults
          [special_room_orc], dpeg_vaults_monster_box, layout_vaults_omnigrid,
          uniq_donald
Vaults:2: gammafunk_vaults_ghost_cemetery, ontoclasm_vaults_claustrophobia,
          vaults_room_hallway, v_alt_pattern_5,
          ontoclasm_vaults_decontamination, vaults_standard_mumra_x,
          ontoclasm_vaults_ligature, vaults_dpeg_spiral, vaults_room_pool,
          grunt_vaults_hallway_short, v_pattern_2, ontoclasm_vaults_twist,
          layout_vaults_omnicross
Vaults:3: nicolae_vaults_puzzle_piece, blue_anna_dwarven_crypt,
          nicolae_vaults_murderbox, ontoclasm_vaults_spin, vaults_dpeg_ring,
          vaults_room_semicircle, v_misc_25, vaults_room_octagon,
          vaults_mumra_minichess_inversion, nicolae_vaults_three_branches,
          ontoclasm_vaults_gateway, layout_vaults_ring, serial_shops, shop
Vaults:4: nicolae_vaults_triangles, nicolae_vaults_lopsided_apartments,
          v_misc_28, vaults_room_pool, v_rooms_5,
          vaults_room_grunt_arrival_checkpoint, v_misc_31, vaults_mumra_chevron,
          v_misc_22, v_misc_25, vaults_dpeg_cross, vaults_room_octagon,
          hangedman_vaults_restitches, v_misc_15, layout_vaults_maze
Vaults:5: serial_shops
Crypt:1:  layout_basic, basic_altar, grunt_ministairs_7,
          nicolae_crypt_cryptocurrency, minicrypt_bobbens
Crypt:2:  layout_misc_corridors, uniq_saint_roka
Crypt:3:  david_glass_crypt, layout_chaotic_city, tomb_entry_shell_bobbens,
          basic_altar, small_statue_intersection
Depths:1: layout_gridlike, minmay_hedge_maze, hell_entry, grunt_ministairs_12,
          evilmike_spriggan_trog_shrine
Depths:2: grunt_twisty_corner, layout_cave_pools, enter_ziggurat_e, pan_entry,
          special_room [special_room_morgue], hangedman_tar_grid_catacomb,
          dk_noncrumbling_4, minmay_misc_feat_roman, nicolae_two_hexagons
Depths:3: minmay_the_grid_triangle_9x9_rhombus_thin
          [minmay_the_grid_triangle_9x9_zippers_horizontal,
          minmay_the_grid_triangle_9x9_prize_center,
          minmay_the_grid_triangle_9x9_negative_grid,
          minmay_the_grid_triangle_9x9_wacky_v], layout_basic,
          minmay_misc_feat_cross, pan_entry, hell_entry, lemuel_flamethrower_3
Depths:4: minmay_guarded_unrand_sceptre_of_torment, layout_cave_pools,
          abyss_entry, hangedman_coc_ice_floe
Depths:5: grunt_zot_entry_alcove, layout_cave_pools, abyss_entry,
          pf_vacation_house_of_asmodeus, grunt_decor_clamped,
          infiniplex_staircase_pool_lava, serial_bayou_shore_a,
          serial_bayou_shore_b
Zot:1:    grunt_twist_and_shout, layout_onion_interference
Zot:2:    layout_concentric_octagons
Zot:3:    layout_misc_corridors, zot_minivault_1
Zot:4:    layout_gridlike
Zot:5:    layout_basic, hangedman_zot_decor_checkerboard, grunt_megastairs_2

Skill      XL: |  1  2  3  4  5  6  7  8  9 10 11 12 13 14 15 16 17 18 19 20 21 22 23 24 25 26 27 |
---------------+----------------------------------------------------------------------------------+-----
Invocations    | 1 2 3 4 5 6 7 8 9 10 11 12 13 14 15 16 17 18 20 | 20.1
Short Blades   | 1 2 3 4 5 6 7 8 9 10 11 12 13 14 15 16 18 | 18.7
Long Blades    | 1 2 3 4 5 6 7 8 9 10 11 12 13 14 15 16 18 | 18.7
Axes           | 1 2 3 4 5 6 7 8 9 10 11 12 13 14 15 16 18 | 18.7
Polearms       | 1 2 3 4 5 6 7 8 9 10 11 12 13 14 15 16 18 | 18.7
Staves         | 1 2 3 4 5 6 7 8 9 10 11 12 13 14 15 16 17 18 21 | 21.6
Slings         | 1 2 3 4 5 6 7 8 9 10 11 12 13 14 15 16 18 | 18.7
Bows           | 1 2 3 4 5 6 7 8 9 10 11 12 13 14 15 16 18 | 18.7
Crossbows      | 1 2 3 4 5 6 7 8 9 10 11 12 13 14 15 16 18 | 18.7
Throwing       | 1 2 3 4 5 6 7 8 9 10 11 12 13 14 15 16 18 | 18.7
Stealth        | 1 2 3 4 5 6 7 8 9 10 11 12 13 14 15 16 18 | 18.7
Shields        | 1 2 3 4 5 6 7 8 9 10 11 13 14 15 16 17 18 19 20 23 | 23.6
Unarmed Combat | 1 2 3 4 5 6 7 8 9 10 11 12 13 14 15 16 18 | 18.7
Spellcasting   | 1 2 3 4 5 6 7 8 9 10 11 12 13 14 15 16 18 | 18.7
Evocations     | 1 2 3 4 5 6 7 8 9 10 11 12 13 14 15 16 18 | 18.7
Conjurations   | 1 2 3 4 5 6 7 8 9 10 11 12 13 14 16 | 16.2
Hexes          | 1 2 3 4 5 6 7 8 9 10 11 12 13 14 16 | 16.2
Charms         | 1 2 3 4 5 6 7 8 9 10 11 12 13 14 16 | 16.2
Summonings     | 1 2 3 4 5 6 7 8 9 10 11 12 13 14 16 | 16.2
Necromancy     | 1 2 3 4 5 6 7 8 9 10 11 12 13 14 16 | 16.2
Translocations | 1 2 3 4 5 6 7 8 9 10 11 12 13 14 16 | 16.2
Transmutations | 1 2 3 4 5 6 7 8 9 10 11 12 13 14 16 | 16.2
Fire Magic     | 1 2 3 4 5 6 7 8 9 10 11 12 13 14 16 | 16.2
Ice Magic      | 1 2 3 4 5 6 7 8 9 10 11 12 13 14 16 | 16.2
Air Magic      | 1 2 3 4 5 6 7 8 9 10 11 12 13 14 16 | 16.2
Earth Magic    | 1 2 3 4 5 6 7 8 9 10 11 12 13 14 16 | 16.2
Poison Magic   | 1 2 3 4 5 6 7 8 9 10 11 12 13 14 16 | 16.2
Armour         | 5 6 7 8 9 10 11 12 13 14 15 16 17 19 | 19.1
Dodging        | 5 6 7 8 9 10 11 12 13 14 15 16 17 19 | 19.1
Fighting       | 7 8 9 10 11 12 13 14 15 16 17 18 19 22 | 22.5
Maces & Flails | 7 8 9 10 11 12 13 14 15 16 17 19 | 19.5

Action                   |  1- 3 |  4- 6 |  7- 9 | 10-12 | 13-15 | 16-18 | 19-21 | 22-24 | 25-27 || total
-------------------------+-------+-------+-------+-------+-------+-------+-------+-------+-------++-------
Melee: Mace              |    42 |   192 |    69 |       |       |       |       |       |       ||   303
       Bite              |     2 |    32 |    52 |   151 |   238 |   190 |   310 |   331 |   936 ||  2242
       Dagger            |       |       |    46 |       |       |       |       |       |       ||    46
       Flail             |       |       |   257 |   621 |       |       |       |       |       ||   878
       Punch             |       |       |     4 |     3 |       |       |       |       |       ||     7
       Demon blade       |       |       |       |   251 |  1013 |   725 |   816 |   649 |  2941 ||  6395
       Hand axe          |       |       |       |       |    29 |    21 |       |       |       ||    50
       Trident           |       |       |       |       |       |     8 |       |       |       ||     8
       Broad axe         |       |       |       |       |       |    49 |   622 |   886 |   643 ||  2200
       Eveningstar       |       |       |       |       |       |       |       |    29 |    26 ||    55
Throw: Dart              |       |    10 |    19 |     2 |     1 |     5 |    14 |    11 |     2 ||    64
       Boomerang         |       |     3 |       |       |       |       |       |       |       ||     3
Invok: Berserk           |     3 |       |     8 |    13 |     8 |     7 |    17 |    11 |    12 ||    79
       Trog's Hand       |       |       |     3 |     3 |    12 |    15 |    24 |    14 |    34 ||   105
       Brothers in Arms  |       |       |       |     1 |     1 |     1 |     1 |     1 |     5 ||    10
Evoke: Lightning rod     |       |       |       |     1 |       |     1 |       |     1 |       ||     3
       Wand              |       |       |       |     2 |     4 |    11 |     2 |     6 |    12 ||    37
       Lamp of fire      |       |       |       |       |       |     2 |     2 |     5 |     6 ||    15
  Use: Scroll            |     1 |     6 |     6 |    17 |    21 |    15 |    10 |    17 |    46 ||   139
       Potion            |     1 |     4 |       |     1 |    12 |     9 |     6 |     7 |    24 ||    64
 Stab: Sleeping          |     1 |     4 |     6 |    21 |    15 |    16 |    28 |    43 |    27 ||   161
       Distracted        |       |       |     1 |     2 |     7 |     5 |     4 |     7 |    20 ||    46
       Invisible         |       |       |     1 |       |     1 |     2 |     2 |       |     1 ||     7
       Paralysed         |       |       |       |     5 |       |     1 |     2 |       |       ||     8
  Eat: Chunk             |     1 |     8 |     5 |    18 |    24 |    10 |    29 |    33 |    14 ||   142
       Ration            |       |       |     4 |     8 |     2 |     8 |    11 |     5 |    22 ||    60
Armor: Animal skin       |     4 |       |       |       |       |       |       |       |       ||     4
       Leather armour    |     3 |    27 |   107 |   226 |   275 |   102 |   175 |    93 |       ||  1008
       Ring mail         |       |       |    10 |    40 |       |       |       |       |       ||    50
       Chain mail        |       |       |       |       |       |       |       |   144 |   615 ||   759
       Fire dragon scale |       |       |       |       |       |       |       |       |   304 ||   304
       Acid dragon scale |       |       |       |       |       |       |       |       |    55 ||    55
Dodge: Dodged            |    18 |   137 |   313 |   676 |   772 |   396 |   782 |   598 |  1846 ||  5538
Block: Buckler           |       |       |       |   213 |   372 |   545 |  1088 |  1055 |  1913 ||  5186
       Reflection        |       |       |       |       |    15 |    66 |   113 |    75 |    28 ||   297
       Rpst.: Demon blade |       |       |       |    36 |   220 |    75 |    82 |    29 |   302 ||   744

Table legend:
 A = Non-vault XP
 B = Vault XP
 C = Vault XP percentage of total XP
 D = Non-vault monster count
 E = Vault monster count
 F = Vault count percentage of total count
                 A         B        C        D         E       F
            +---------+---------+-------+---------+---------+-------
      Total |  968012 |  774848 |  44.5 |    1804 |     901 |  33.3
            +---------+---------+-------+---------+---------+-------
        D:1 |      30 |       0 |   0.0 |      13 |       0 |   0.0
        D:2 |     101 |      14 |  12.2 |      19 |       6 |  24.0
        D:3 |      55 |       0 |   0.0 |      18 |       0 |   0.0
        D:4 |     526 |     161 |  23.4 |      28 |       8 |  22.2
        D:5 |     649 |       0 |   0.0 |      19 |       0 |   0.0
        D:6 |    1352 |     541 |  28.6 |      21 |      13 |  38.2
        D:7 |     539 |     893 |  62.4 |      10 |       5 |  33.3
        D:8 |     603 |    1938 |  76.3 |      13 |       5 |  27.8
        D:9 |    1521 |     463 |  23.3 |      28 |       1 |   3.4
       D:10 |    3508 |       0 |   0.0 |      32 |       0 |   0.0
       D:11 |    2228 |    2018 |  47.5 |      35 |       9 |  20.5
       D:12 |    6122 |    5802 |  48.7 |      21 |       9 |  30.0
       D:13 |    9374 |    2701 |  22.4 |      30 |       4 |  11.8
       D:14 |    1848 |   11734 |  86.4 |       9 |      17 |  65.4
       D:15 |   19154 |    5334 |  21.8 |      51 |       6 |  10.5
     Lair:1 |    2833 |       0 |   0.0 |      15 |       0 |   0.0
     Lair:2 |    8531 |     389 |   4.4 |      32 |       1 |   3.0
     Lair:3 |    3394 |     116 |   3.3 |      14 |       1 |   6.7
     Lair:4 |    8160 |    6347 |  43.8 |      33 |      40 |  54.8
     Lair:5 |    3708 |    1093 |  22.8 |      14 |       3 |  17.6
     Lair:6 |    2954 |   12222 |  80.5 |      15 |      46 |  75.4
   Shoals:1 |   21830 |    2386 |   9.9 |      46 |       1 |   2.1
   Shoals:2 |    7142 |       0 |   0.0 |      14 |       0 |   0.0
   Shoals:3 |   22693 |    6533 |  22.4 |      46 |       9 |  16.4
   Shoals:4 |   12630 |   38251 |  75.2 |      26 |      46 |  63.9
    Snake:1 |   10444 |    9260 |  47.0 |      23 |      10 |  30.3
    Snake:2 |   18849 |    3259 |  14.7 |      42 |       2 |   4.5
    Snake:3 |   31469 |       0 |   0.0 |      52 |       0 |   0.0
    Snake:4 |   13093 |   49970 |  79.2 |      24 |      74 |  75.5
    Slime:1 |    2703 |       0 |   0.0 |       7 |       0 |   0.0
    Slime:2 |    3390 |       0 |   0.0 |      11 |       0 |   0.0
    Slime:3 |    2462 |       0 |   0.0 |       1 |       0 |   0.0
    Slime:4 |   22495 |    3031 |  11.9 |      42 |       2 |   4.5
    Slime:5 |   15972 |   30525 |  65.6 |      18 |      12 |  40.0
      Orc:1 |    1271 |       0 |   0.0 |      12 |       0 |   0.0
      Orc:2 |    3555 |    8092 |  69.5 |      21 |      25 |  54.3
      Elf:1 |   10537 |   13056 |  55.3 |      19 |      27 |  58.7
      Elf:2 |   20761 |   21527 |  50.9 |      32 |      27 |  45.8
      Elf:3 |   18493 |   50081 |  73.0 |      29 |      37 |  56.1
   Vaults:1 |   17590 |   18728 |  51.6 |      39 |      43 |  52.4
   Vaults:2 |   59967 |    5544 |   8.5 |     103 |       8 |   7.2
   Vaults:3 |   38828 |   13040 |  25.1 |      66 |      24 |  26.7
   Vaults:4 |   26600 |   33013 |  55.4 |      45 |      42 |  48.3
   Vaults:5 |   63219 |  127402 |  66.8 |      79 |      89 |  53.0
    Crypt:1 |   19811 |    8237 |  29.4 |      45 |      16 |  26.2
    Crypt:2 |   24612 |    5172 |  17.4 |      38 |      13 |  25.5
    Crypt:3 |   35933 |   37456 |  51.0 |      40 |      22 |  35.5
   Depths:1 |   35094 |    7135 |  16.9 |      41 |       9 |  18.0
   Depths:2 |   41102 |  106281 |  72.1 |      65 |      93 |  58.9
   Depths:3 |   37587 |   22503 |  37.4 |      46 |      13 |  22.0
   Depths:4 |   23643 |   14560 |  38.1 |      27 |       5 |  15.6
   Depths:5 |   50417 |   21868 |  30.3 |      58 |      15 |  20.5
      Zot:2 |   56424 |       0 |   0.0 |      36 |       0 |   0.0
      Zot:3 |   31523 |       0 |   0.0 |      16 |       0 |   0.0
      Zot:4 |   17557 |       0 |   0.0 |      11 |       0 |   0.0
      Zot:5 |   20936 |   49994 |  70.5 |      11 |      18 |  62.1
    Abyss:1 |    9489 |       0 |   0.0 |      15 |       0 |   0.0
    Abyss:2 |   30704 |       0 |   0.0 |      59 |       0 |   0.0
    Abyss:3 |    2145 |       0 |   0.0 |       4 |       0 |   0.0
    Abyss:4 |    7852 |    9677 |  55.2 |      25 |       8 |  24.2
      IceCv |       0 |    3131 | 100.0 |       0 |      25 | 100.0
   Gauntlet |       0 |    3370 | 100.0 |       0 |      12 | 100.0
            +---------+---------+-------+---------+---------+-------
